 Dungeon Crawl Stone Soup version 0.18-a0-670-g393520a (webtiles) character file.

57019 Proton the Blocker (level 15, 0/122 HPs)
             Began as a Formicid Fighter on Dec 6, 2015.
             Was the Champion of Ru.
             Slain by Saint Roka
             ... wielding a +2 battleaxe of draining
              (29 damage)
             ... on level 4 of the Orcish Mines.
             The game lasted 01:12:30 (28951 turns).

Proton the Blocker (Formicid Fighter)              Turns: 28951, Time: 01:12:30

Health: 0/122      AC: 20    Str: 23    XL:     15   Next: 24%
Magic:  0/15       EV: 11    Int:  5    God:    Ru [******]
Gold:   2307       SH: 13    Dex:  8    Spells: 1 memorised, 11 levels left

rFire  + . .     SeeInvis +     D - +0 battleaxe
rCold  + . .     Clarity  .     A - +2 chain mail {rC+}
rNeg   + + +     SustAt   .     c - +0 shield
rPois  +         Gourm    .     (helmet unavailable)
rElec  .         Spirit   +     x - +0 cloak
rCorr  .         Dismiss  .     g - +1 pair of gloves
rMut   .         Stasis   +     v - +0 pair of boots
MR     ++...                    P - amulet "Jurizitih" {Spirit +Fly rPois rN++ Str-3}
Stlth  ..........               a - ring of positive energy
                                F - ring of poison resistance

@: drained, very resistant to hostile enchantments, extremely unstealthy
A: permanent stasis, dig shafts and tunnels, four strong arms, antennae 3,
hooves 1, clumsy 1, dopey 2, fire resistance 1, magic resistance 1, screaming 1,
spit poison 1, no stealth, inability to use devices, hated by all, no earth
magic, no necromancy magic, no summoning magic, disrupted magic 1, MP-powered
wands
a: Dig, Shaft Self, Spit Poison, Draw Out Power, Power Leap, Apocalypse,
Renounce Religion


You were on level 4 of the Orcish Mines.
You worshipped Ru.
Ru was exalted by your worship.
You were not hungry.

You visited 2 branches of the dungeon, and saw 19 of its levels.

You collected 2415 gold pieces.
You spent 108 gold pieces at shops.

Inventory:

Hand Weapons
 b - a +2 hand axe of flaming
 D - a +0 battleaxe (weapon)
Missiles
 l - 18 tomahawks of returning (quivered)
Armour
 c - a +0 shield (worn)
 g - a +1 pair of gloves (worn)
 r - a +3 chain mail
 v - a +0 pair of boots (worn)
 x - a +0 cloak (worn)
 A - a +2 chain mail of cold resistance (worn)
Jewellery
 a - a ring of positive energy (right hand)
 F - a ring of poison resistance (left hand)
 P - the amulet "Jurizitih" (around neck) {Spirit +Fly rPois rN++ Str-3}
   (You found it on level 15 of the Dungeon)

   [amulet of guardian spirit]

   It causes incoming damage to be split between your health and magic.
   It affects your strength (-3).
   It protects you from poison.
   It greatly protects you from negative energy.
   It lets you fly.
Scrolls
 f - a scroll of immolation {unknown}
 h - a scroll of noise {unknown}
 i - 3 scrolls of fear {unknown}
 m - a scroll of random uselessness {unknown}
 n - 4 scrolls of teleportation {unknown}
 o - 3 scrolls of remove curse
 p - 3 scrolls of amnesia
 q - a scroll of vulnerability {unknown}
 s - 2 scrolls of blinking {unknown}
 u - 2 scrolls of enchant armour {unknown}
 w - 2 scrolls of magic mapping
 y - 3 scrolls of recharging {unknown}
 z - 5 scrolls of enchant weapon
 C - 3 scrolls of fog
Potions
 d - 2 potions of might
 j - a potion of magic
 k - 5 potions of curing
 t - 9 potions of agility
 B - 2 potions of beneficial mutation
 G - 2 potions of ambrosia
 I - a potion of cure mutation
 K - a potion of lignification
 L - 2 potions of brilliance
Comestibles
 M - 5 royal jellies


   Skills:
 + Level 12.5(12.0) Fighting
 * Level 12.6(12.2) Axes
 + Level 12.6(12.2) Armour
 + Level 10.4(10.0) Dodging
 + Level 13.6(13.2) Shields


You had 11 spell levels left.
You knew the following spells:

 Your Spells              Type           Power        Failure   Level  Hunger
a - Spectral Weapon       Hex/Chrm       #.......     100%        3    ####...


Dungeon Overview and Level Annotations

Branches:
Dungeon (15/15)            Temple (0/1) D:5            Lair (0/8) D:10
    Orc (4/4) D:9             Elf (0/3) Orc:4        Vaults (0/5) D:14
 Depths (0/5) D:15

Altars:
Ashenzari
Cheibriados
Dithmenos
Elyvilon
Gozag
Kikubaaqudgha
Makhleb
Nemelex Xobeh
Okawaru
Pakellas
Qazlal
Ru
Sif Muna
The Shining One

Shops:
D:8 *   D:13 *   Orc:1 }   Orc:2 [   Orc:4 *%}

Annotations:
D:13 Proton's ghost, journeyman FoFi
Orc:4 Saint Roka


Innate Abilities, Weirdness & Mutations

You are under a permanent stasis effect.
You can dig through walls and to a lower floor.
Your four strong arms can wield two-handed weapons with a shield.
You have a pair of large antennae on your head (SInv).
You are very dopey. (Int -4)
You occasionally shout uncontrollably at your foes.
You cannot be stealthy.
You cannot study or use magical devices.
You are hated by all.
You cannot study or cast Earth magic.
You cannot study or cast Necromancy magic.
You cannot study or cast Summoning magic.
Your casting is slightly disrupted.
You have large cloven feet.
You are clumsy. (Dex -2)
Your flesh is heat resistant.
You are resistant to hostile enchantments.
You can spit weak poison.
You expend magic power (3 MP) to strengthen your wands.


Message History

The orc hits you but does no damage.
Saint Roka calls down the wrath of Beogh upon you.
Something smites you!
* * * LOW HITPOINT WARNING * * *
You hit Saint Roka but do no damage.
Saint Roka is severely wounded.
You hit the orc.
You kill the orc!
The orc wizard begins to cast a spell, but is stunned by your will!
Saint Roka is stunned by your will and fails to attack.
You slice Saint Roka!!
Saint Roka is almost dead.
Saint Roka mumbles some strange prayers to Beogh against you.
Something smites you!
* * * LOW HITPOINT WARNING * * *
You slash Saint Roka!
Saint Roka is almost dead.
You feel less exhausted.
Saint Roka hits you with a battleaxe of draining!!
You die...

..........................#...#..
#...[)........................##.
....[............................
∩.#.............#.......[........
....#.#..........................
#....#...........................
..[.)................[...........
).......∩......).)...)...........
(.)...#.....o.[o@)....#..........
[.....#.........[)...............
.################################
#..# ####### )..# ###{{.{{### ##
{ )[)####{{{..{{..### #.. {
.[.##......{{.....## ... {{
...#...............###...
)).#.#.#.#.#.#.#.#.#.#.#


o You could see Saint Roka and an orc wizard (invisible).

Vanquished Creatures
  Gastronok (D:10)
  Maud (D:14)
  Nessos (D:13)
  Harold (D:11)
  A hydra (D:15)
  A centaur warrior (D:15)
  2 dancing weapons (D:14)
  3 tengu warriors
  4 orc high priests
  Sonja (D:11)
  The ghost of Proton the Chopper, a novice FoFi of Ru (D:9)
  2 skeletal warriors (D:15)
  The ghost of AnCiEnTIStOnEIBeAsT the Spear-Bearer, a novice HOFi of Beogh (D:7)
  2 unseen horrors
  A necromancer (D:15)
  A flayed ghost (D:15)
  7 hill giants
  A wolf spider (D:15)
  6 orc knights
  7 ugly things
  4 cyclopes
  3 griffons
  Maurice (Orc:2)
  2 manticores
  A spiny frog (shapeshifter) (D:14)
  4 kobold demonologists
  2 gargoyles
  A yaktaur zombie (D:15)
  A tengu conjurer (D:12)
  A queen bee (D:12)
  A spriggan skeleton (D:15)
  An efreet (D:14)
  A fire drake (D:10)
  7 trolls
  An entropy weaver zombie (D:15)
  A two-headed ogre (D:15)
  A harpy skeleton (D:14)
  2 shadows
  7 slime creatures (D:12)
  2 trapdoor spiders
  A spriggan (D:7)
  A fire bat (shapeshifter) (D:14)
  4 deep elf magi
  4 wraiths
  A water elemental (D:14)
  A wyvern (D:15)
  11 yaks
  A vampire (D:15)
  A basilisk (D:14)
  4 vampire mosquitoes (D:15)
  A steam dragon (D:15)
  A hippogriff (shapeshifter) (D:14)
  4 hungry ghosts
  2 soldier ants
  4 wargs
  6 hippogriffs
  A water moccasin (D:6)
  A human skeleton (D:15)
  7 ice beasts
  31 orc warriors
  A boggart (D:7)
  2 eyes of draining
  2 phantoms
  2 sky beasts
  2 necrophages
  10 ogres
  14 centaurs
  A crocodile (D:8)
  3 big kobolds
  8 giant frogs
  Dowan (D:7)
  7 scorpions
  A water moccasin skeleton (D:7)
  23 killer bees
  9 wights
  An electric eel (D:11)
  12 crimson imps
  A giant frog zombie (D:7)
  7 jellies
  6 hounds
  10 centaur skeletons
  43 orc priests
  36 orc wizards
  4 iguanas
  3 centaur zombies
  2 giant frog skeletons
  13 worker ants
  2 killer bee zombies (D:10)
  2 hound skeletons
  19 adders
  5 shadow imps
  2 oozes
  3 adder zombies
  7 worms
  2 adder skeletons
  9 giant geckos
  252 orcs
  8 bats
  4 giant cockroaches
  4 goblins
  8 hobgoblins
  22 jackals
  17 kobolds
  2 quokkas
  2 ball pythons
  A giant gecko zombie (D:5)
  4 giant newts (D:1)
  A jackal skeleton (D:4)
  10 rats
786 creatures vanquished.

Vanquished Creatures (others)
  A fire crab (shapeshifter) (D:14)
  An orc knight (Orc:4)
  A griffon (D:15)
  A slime creature (D:12)
  A vampire mosquito (D:7)
  3 orc warriors (Orc:4)
  A scorpion (D:13)
  An orc wizard (Orc:4)
  3 orcs
  4 plants
17 creatures vanquished.

Grand Total: 803 creatures vanquished

Notes
Turn   | Place    | Note
--------------------------------------------------------------
     0 | D:1      | Proton the Formicid Fighter began the quest for the Orb.
     0 | D:1      | Reached XP level 1. HP: 18/18 MP: 1/1
    55 | D:1      | Reached XP level 2. HP: 21/24 MP: 2/2
   119 | D:1      | Reached XP level 3. HP: 27/29 MP: 3/3
   341 | D:1      | Reached skill level 4 in Shields
   366 | D:1      | Found a shattered altar of Ashenzari.
   507 | D:2      | Reached skill level 1 in Dodging
   677 | D:2      | Reached XP level 4. HP: 20/35 MP: 4/4
  1496 | D:3      | Found a white marble altar of Elyvilon.
  1514 | D:3      | Reached XP level 5. HP: 30/42 MP: 5/5
  2187 | D:3      | Found a sacrificial altar of Ru.
  2202 | D:3      | Became a worshipper of Ru the Awakened
  2632 | D:4      | Reached XP level 6. HP: 48/48 MP: 6/6
  2697 | D:4      | Reached skill level 5 in Shields
  2904 | D:4      | Reached XP level 7. HP: 5/55 MP: 7/7
  2909 | D:4      | HP: 2/55 [poisoned by an orc wizard]
  2915 | D:4      | HP: 2/55 [poisoned by an orc wizard]
  2923 | D:4      | HP: 1/55 [poisoned by an orc wizard]
  3599 | D:4      | Found a sparkling altar of Nemelex Xobeh.
  3698 | D:5      | Entered Level 5 of the Dungeon
  3708 | D:5      | Reached skill level 5 in Armour
  3930 | D:5      | Reached skill level 6 in Shields
  4049 | D:5      | Gained mutation: You occasionally shout uncontrollably at your foes. [Ru sacrifice]
  4093 | D:5      | Found a staircase to the Ecumenical Temple.
  4187 | D:5      | Found a stormy altar of Qazlal.
  4420 | D:5      | Reached XP level 8. HP: 33/61 MP: 8/8
  4571 | D:5      | Reached skill level 5 in Fighting
  5086 | D:5      | Found an oddly glowing altar of Pakellas.
  5282 | D:6      | Found a shadowy altar of Dithmenos.
  5567 | D:6      | Found an ancient bone altar of Kikubaaqudgha.
  5846 | D:7      | Reached skill level 7 in Shields
  5878 | D:7      | Reached XP level 9. HP: 63/69 MP: 9/9
  5988 | D:7      | Noticed a centaur skeleton
  5999 | D:7      | Killed a centaur skeleton
  5999 | D:7      | Reached skill level 5 in Axes
  6178 | D:7      | Gained mutation: You are hated by all. [Ru sacrifice]
  6178 | D:7      | Reached * piety under Ru
  6178 | D:7      | Reached ** piety under Ru
  6208 | D:7      | Found a burning altar of Makhleb.
  6350 | D:7      | Noticed Dowan
  6388 | D:7      | Killed Dowan
  6923 | D:7      | Noticed a kobold demonologist
  6930 | D:8      | Found an opulent altar of Gozag.
  6945 | D:8      | Reached skill level 5 in Dodging
  6956 | D:8      | You fall through a shaft for 2 floors!
  6956 | D:10     | Entered Level 10 of the Dungeon
  6982 | D:10     | Reached skill level 8 in Shields
  7251 | D:9      | Found a staircase to the Orcish Mines.
  7256 | D:9      | Noticed Proton's ghost (novice FoFi)
  7372 | D:8      | Reached XP level 10. HP: 50/79 MP: 10/10
  7724 | D:8      | Found Gozag's Platinum Reserve.
  7892 | D:8      | Found an iron altar of Okawaru.
  7919 | D:8      | Identified the Volume of Transmutation (You found it on level 8 of the Dungeon)
  8199 | D:8      | Found a stormy altar of Qazlal.
  8316 | D:8      | Found a glowing golden altar of the Shining One.
  8582 | D:9      | Found a deep blue altar of Sif Muna.
  8705 | D:9      | Gained mutation: Your flesh is heat resistant. [mutagenic meat]
  8706 | D:9      | Gained mutation: You have large cloven feet. [mutagenic meat]
  8837 | D:7      | Noticed AnCiEnTIStOnEIBeAsT's ghost (novice HOFi)
  9390 | D:8      | Reached skill level 9 in Shields
  9830 | D:10     | Found a glowing golden altar of the Shining One.
 10054 | D:10     | Found a staircase to the Lair.
 10372 | D:10     | Noticed Gastronok
 10437 | D:11     | Reached XP level 11. HP: 86/86 MP: 11/11
 10444 | D:11     | Noticed a hill giant
 10764 | D:11     | Noticed Sonja
 11254 | D:11     | Killed Sonja
 11262 | D:11     | Noticed a red ugly thing
 11296 | D:10     | You fall through a shaft for 3 floors!
 11594 | D:13     | Noticed Nessos
 11619 | D:14     | Noticed a cyclops
 11645 | D:14     | Killed a cyclops
 11645 | D:14     | Reached skill level 10 in Shields
 12374 | D:13     | Killed Nessos
 12787 | D:12     | Noticed a tengu warrior
 12793 | D:13     | Gained mutation: You cannot study or cast Earth magic. [Ru sacrifice]
 12793 | D:13     | Gained mutation: You cannot study or cast Necromancy magic. [Ru sacrifice]
 12793 | D:13     | Gained mutation: You cannot study or cast Summoning magic. [Ru sacrifice]
 12793 | D:13     | Reached *** piety under Ru
 12862 | D:13     | Noticed a hill giant
 12934 | D:13     | Killed a hill giant
 12996 | D:13     | Noticed a white ugly thing
 13562 | D:12     | Killed a tengu warrior
 13564 | D:12     | Reached XP level 12. HP: 50/96 MP: 12/12
 13978 | D:12     | Reached skill level 10 in Armour
 14052 | D:12     | Reached skill level 11 in Shields
 14491 | D:10     | Killed Gastronok
 14491 | D:10     | Reached skill level 10 in Fighting
 14652 | D:9      | Killed Proton's ghost
 14978 | D:11     | Noticed Harold
 14993 | D:11     | Killed Harold
 15202 | D:11     | You fall through a shaft for 3 floors!
 15487 | D:15     | Entered Level 15 of the Dungeon
 15520 | D:13     | You fall through a shaft for 2 floors!
 15529 | D:15     | Noticed a sun demon
 15740 | D:15     | Reached XP level 13. HP: 75/104 MP: 13/13
 16065 | D:15     | Gained mutation: You are covered in fur (AC +1). [potion of beneficial mutation]
 16701 | D:15     | Reached skill level 12 in Shields
 16982 | D:12     | Found a deep blue altar of Sif Muna.
 17055 | D:11     | Gained mutation: You are dopey. (Int -2) [Ru sacrifice]
 17428 | D:11     | Reached skill level 10 in Axes
 18977 | D:12     | Found an ancient bone altar of Kikubaaqudgha.
 19134 | D:13     | Noticed Proton's ghost (journeyman FoFi)
 19770 | D:13     | Found Cahuk's Assorted Antiques.
 20562 | D:14     | You fall through a shaft!
 20574 | D:14     | You fall through a shaft!
 20595 | D:15     | Reached XP level 14. HP: 101/113 MP: 14/14
 20619 | D:15     | Got a coiled brass amulet
 20703 | D:15     | Gained mutation: You cannot be stealthy. [Ru sacrifice]
 20726 | D:15     | Identified the amulet "Jurizitih" {Spirit +Fly rPois rN++ Str-3} (You found it on level 15 of the Dungeon)
 20966 | D:14     | You fall through a shaft!
 21202 | D:15     | Found a staircase to the Depths.
 22221 | D:14     | Found a gate to the Vaults.
 22497 | D:14     | Noticed Maud
 22538 | D:14     | Killed Maud
 22538 | D:14     | Reached skill level 13 in Shields
 22857 | D:14     | Found a snail-covered altar of Cheibriados.
 22922 | D:14     | Gained mutation: You expend magic power (3 MP) to strengthen your wands. [mutagenic meat]
 22923 | D:14     | Gained mutation: You can spit weak poison. [mutagenic meat]
 22924 | D:14     | Lost mutation: You are covered in fur (AC +1). [mutagenic meat]
 23649 | D:14     | Reached skill level 10 in Dodging
 24359 | D:7      | Killed AnCiEnTIStOnEIBeAsT's ghost
 25000 | Orc:1    | Entered Level 1 of the Orcish Mines
 25165 | Orc:2    | Gained mutation: You are very dopey. (Int -4) [potion of mutation]
 25165 | Orc:2    | Gained mutation: You are resistant to hostile enchantments. [potion of mutation]
 25165 | Orc:2    | Gained mutation: You are clumsy. (Dex -2) [potion of mutation]
 25325 | Orc:3    | Gained mutation: Your casting is slightly disrupted. [Ru sacrifice]
 25325 | Orc:3    | Reached **** piety under Ru
 25473 | Orc:2    | Found Lipixood's Armour Shop.
 25527 | Orc:2    | Noticed Maurice
 25537 | Orc:2    | Killed Maurice
 25556 | Orc:2    | Found a frozen archway.
 26005 | Orc:1    | Found Extorr's Gadget Shoppe.
 26348 | Orc:3    | Gained mutation: You cannot study or use magical devices. [Ru sacrifice]
 26348 | Orc:3    | Reached ***** piety under Ru
 26348 | Orc:3    | Reached ****** piety under Ru
 26363 | Orc:3    | Learned a level 3 spell: Spectral Weapon
 26620 | Orc:4    | Entered Level 4 of the Orcish Mines
 26664 | Orc:4    | Found Foigin's Gadget Shoppe.
 26674 | Orc:4    | Found Farul's Food Shoppe.
 26691 | Orc:4    | Found a staircase to the Elven Halls.
 26746 | Orc:4    | Bought a beef jerky for 18 gold pieces
 26746 | Orc:4    | Bought a royal jelly for 24 gold pieces
 26746 | Orc:4    | Bought a royal jelly for 24 gold pieces
 26760 | Orc:4    | Found Waisank's Assorted Antiques.
 26802 | Orc:4    | Bought a scroll of identify for 42 gold pieces
 26893 | Orc:4    | Reached XP level 15. HP: 104/121 MP: 12/15
 27529 | Orc:4    | HP: 6/121 [sixfirhy[an orc high priest] (6)]
 27542 | Orc:4    | HP: 4/121 [orc high priest/battleaxe (8)]
 28730 | Orc:4    | Noticed Saint Roka
 28951 | Orc:4    | Slain by Saint Roka

Vault maps used:
D:1:      scummos_arrival_checkerplants, ashenzari_altar_1
D:2:      mumra_celtic_spiral_tile
D:3:      nicolae_overflow_crystal_walls, overflow_temple_1_default,
          minmay_tree_intersection
D:4:      lemuel_round_altar
D:5:      johnstein_pakellas_dig, minmay_temple_entry_junction2, basic_altar,
          first_bread
D:6:      kennysheep_mini_moat, kennysheep_mini
D:7:      minmay_klotski, makhleb_grotto_becter, the_bakery, uniq_duvessa
D:8:      overflow_temple_1_default, tso_oasis_becter, marbit_many_paths,
          nicolae_gozag_zags_fifth_avenue
D:9:      led_sif_pool, orc_0_dummy
D:10:     minmay_lair_entry_lava, tso_metal_star, uniq_sonja, uniq_gastronok
D:11:     lightli_minifort, uniq_harold
D:12:     special_room, hangedman_feature_mirror, hex_medium
D:13:     serial_shops, nicolae_shop_overgrown_old_shop, uniq_nessos
D:14:     erik_vaults_1, minivault_4, cheibriados_altar_1, uniq_maud
D:15:     gammafunk_depths_entry_grave, minmay_door_square
Orc:1:    serial_shops, shop_statue
Orc:2:    serial_shops, nicolae_shop_waterfront,
          portal_ice_cave_entry_pillars_03, uniq_maurice
Orc:3:    nicolae_orc_pool_cavern
Orc:4:    st_orc_pillars, serial_shops, nicolae_shop_overgrown_old_shop, shop,
          nicolae_shop_stone, minmay_orc_keep, uniq_saint_roka

Action                   |  1- 3 |  4- 6 |  7- 9 | 10-12 | 13-15 || total
-------------------------+-------+-------+-------+-------+-------++-------
Melee: War axe           |   107 |   176 |   400 |   750 |       ||  1433
       Battleaxe         |       |       |       |   245 |  1803 ||  2048
Throw: Tomahawk          |       |       |       |     3 |       ||     3
Invok: Sacrifice Purity  |       |       |     1 |       |     1 ||     2
       Sacrifice Love    |       |       |     1 |       |       ||     1
       Reject Sacrifices |       |       |       |     1 |       ||     1
       Draw Out Power    |       |       |       |     5 |     7 ||    12
       Sacrifice Arcana  |       |       |       |     1 |       ||     1
       Sacrifice Essence |       |       |       |       |     1 ||     1
       Sacrifice Stealth |       |       |       |       |     1 ||     1
       Sacrifice Artific |       |       |       |       |     1 ||     1
 Abil: Dig               |       |     1 |     3 |    12 |    22 ||    38
       Shaft Self        |       |       |     1 |     3 |     3 ||     7
Evoke: Wand              |       |     3 |       |     7 |     9 ||    19
  Use: Scroll            |       |     1 |       |    10 |     9 ||    20
       Potion            |       |     1 |       |     3 |     2 ||     6
 Stab: Invisible         |       |       |       |     2 |    12 ||    14
       Distracted        |       |       |       |     2 |     4 ||     6
       Paralysed         |       |       |       |       |     1 ||     1
  Eat: Bread ration      |       |     1 |     4 |     6 |     4 ||    15
       Pizza             |       |     1 |       |       |       ||     1
       Beef jerky        |       |     1 |     1 |     1 |     3 ||     6
       Royal jelly       |       |       |     1 |       |     9 ||    10
       Chunk             |       |       |       |     4 |    13 ||    17
       Fruit             |       |       |       |     6 |       ||     6
       Meat ration       |       |       |       |       |     1 ||     1
